 Dungeon Crawl Stone Soup version 0.19.4 (webtiles) character file.

2418 Naow the Thaumaturge (level 9, -8/45 HPs)
             Began as a Deep Elf Fire Elementalist on Feb 4, 2017.
             Was a Priest of Vehumet.
             Mangled by a six-headed hydra (14 damage)
             ... on level 8 of the Dungeon.
             The game lasted 00:24:06 (9524 turns).

Naow the Thaumaturge (Deep Elf Fire Elementalist)   Turns: 9524, Time: 00:24:07

Health: -8/45      AC:  4    Str:  5    XL:     9   Next: 24%
Magic:  14/24      EV: 13    Int: 24    God:    Vehumet [***...]
Gold:   360        SH:  0    Dex: 15    Spells: 6 memorised, 11 levels left

rFire  . . .     SeeInvis .     D - +1 whip (elec)
rCold  . . .     Gourm    .     a - +0 robe
rNeg   . . .     Faith    .     (no shield)
rPois  .         Spirit   .     (no helmet)
rElec  .         Reflect  .     k - +1 cloak
rCorr  .         Harm     .     (no gloves)
MR     .....                    (no boots)
Stlth  ++........               (no amulet)
                                (no ring)
                                (no ring)

@: no status effects
A: no striking features
a: Renounce Religion


You were on level 8 of the Dungeon.
You worshipped Vehumet.
Vehumet was most pleased with you.
You were not hungry.

You visited 1 branch of the dungeon, and saw 8 of its levels.

You collected 360 gold pieces.

Inventory:

Hand Weapons
 D - a +1 whip of electrocution (weapon)
Armour
 a - a +0 robe (worn)
 k - a +1 cloak (worn)
 G - a +2 ring mail of magic resistance
Magical Staves
 s - an uncursed staff of cold
Wands
 y - a wand of lightning (0/15)
 C - a wand of enslavement (4/24)
 I - a wand of polymorph (12/24)
Scrolls
 e - a scroll of fear
 f - 4 scrolls of recharging
 h - 10 scrolls of identify
 i - 2 scrolls of remove curse
 j - 2 scrolls of noise
 n - a scroll of fog
 o - a scroll of teleportation
 q - a scroll of amnesia
 v - 3 scrolls of blinking
 x - 2 scrolls of immolation
Potions
 l - 2 potions of lignification {unknown}
 m - a potion of berserk rage {unknown}
 p - a potion of curing
 r - 2 potions of brilliance {unknown}
 t - a potion of magic {unknown}
 w - a potion of agility {unknown}
 B - a potion of degeneration {unknown}
 F - 2 potions of mutation {unknown}
 H - a potion of might {unknown}
 K - 2 potions of flight {unknown}
 M - a potion of invisibility {unknown}
Books
 b - a book of Flames

   Spells                             Type                      Level
   a - Flame Tongue                   Conjuration/Fire             1
   b - Throw Flame                    Conjuration/Fire             2
   c - Conjure Flame                  Conjuration/Fire             3
   d - Inner Flame                    Hexes/Fire                   3
   e - Sticky Flame                   Conjuration/Fire             4
   f - Fireball                       Conjuration/Fire             5
 E - a book of Necromancy

   Spells                             Type                      Level
   a - Pain                           Necromancy                   1
   b - Animate Skeleton               Necromancy                   1
   c - Vampiric Draining              Necromancy                   3
   d - Regeneration                   Charms/Necromancy            3
   e - Animate Dead                   Necromancy                   4
   f - Control Undead                 Necromancy                   4
Comestibles
 c - 5 bread rations
 d - 6 meat rations
 g - 2 chunks of flesh
 z - 2 fruits
 A - 2 beef jerkies


   Skills:
 - Level 2.4 Dodging
 - Level 2.4 Stealth
 + Level 9.6 Spellcasting
 + Level 8.1 Conjurations
 + Level 8.5 Fire Magic


You had 11 spell levels left.
You knew the following spells:

 Your Spells              Type           Power        Failure   Level  Hunger
a - Flame Tongue          Conj/Fire      #####        1%          1    None
b - Throw Flame           Conj/Fire      ######       1%          2    None
c - Conjure Flame         Conj/Fire      ######..     1%          3    None
d - Sticky Flame          Conj/Fire      ######..     1%          4    #......
e - Fireball              Conj/Fire      ######....   1%          5    ####...
f - Sandblast             Erth           ##....       2%          1    None


Dungeon Overview and Level Annotations

Branches:
Dungeon (8/15)             Temple (0/1) D:7
   Lair: D:8-11

Altars:
Dithmenos
Gozag
Kikubaaqudgha
Nemelex Xobeh
Sif Muna
Vehumet


Message History

Found 17 gold pieces.
The six-headed hydra burns!
The six-headed hydra burns!
The six-headed hydra burns!
The six-headed hydra burns!
The six-headed hydra burns!
The six-headed hydra stops burning.
Casting: Sticky Flame
Confirm with . or Enter, or press ? or * to list all spells.
Aiming: Sticky Flame
Press: ? - help, Shift-Dir - straight line, f/p - six-headed hydra
Aim: a six-headed hydra (severely wounded)
The sticky flame hits the six-headed hydra.
The six-headed hydra is almost dead.
The six-headed hydra is covered in liquid flames!
The six-headed hydra burns!
The six-headed hydra completely misses you.
The six-headed hydra bites you. The six-headed hydra bites you!
* * * LOW HITPOINT WARNING * * *
The six-headed hydra bites you!
You die...

####....########
..............(.
########.#....########
#......#.#..(.#
#.####.#.#....####
##.#.##......#....#
###............#..).#
.........D.....)..)<#
##.....##@....#....#
...............######
#######.........#
#........#..
####.......# ####!..##
.#..P $#...


You could see a six-headed hydra (burning).

Vanquished Creatures
  Pikel (D:5)
  Duvessa (D:7)
  An orc warrior (D:8)
  A slave (D:5)
  2 ogres (D:7)
  2 centaurs
  A big kobold (D:7)
  Blork the orc (D:5)
  2 bullfrogs (D:6)
  A gnoll sergeant (D:6)
  Dowan (D:7)
  A scorpion (D:6)
  A howler monkey (D:6)
  3 crimson imps
  A quasit (D:7)
  A centaur skeleton (D:5)
  A jelly (D:5)
  3 orc priests
  A bullfrog skeleton (D:5)
  Jessica (D:2)
  2 iguanas
  3 orc wizards
  6 worker ants
  3 hound skeletons
  10 gnolls
  11 adders
  A shadow imp (D:5)
  2 oozes (D:1)
  An adder skeleton (D:7)
  2 worms
  5 leopard geckos
  4 orcs
  10 giant cockroaches
  19 goblins
  13 hobgoblins
  9 jackals
  13 kobolds
  4 quokkas
  A ball python (D:1)
  5 bats
  6 frilled lizards
  A leopard gecko skeleton (D:6)
  A leopard gecko zombie (D:6)
  5 rats
164 creatures vanquished.

Vanquished Creatures (others)
  A human (D:7)
  A centaur (D:6)
  2 scorpions (D:6)
  A worker ant zombie (D:6)
  An orc (D:6)
6 creatures vanquished.

Grand Total: 170 creatures vanquished

Notes
Turn   | Place    | Note
-------+----------+-------------------------------------------
     0 | D:1      | Naow the Deep Elf Fire Elementalist began the quest for the Orb.
     0 | D:1      | Reached XP level 1. HP: 10/10 MP: 6/6
   164 | D:1      | Reached XP level 2. HP: 15/15 MP: 6/8
   168 | D:1      | Learned a level 2 spell: Throw Flame
   591 | D:1      | Reached XP level 3. HP: 19/19 MP: 7/10
  1360 | D:2      | Found a sparkling altar of Nemelex Xobeh.
  1364 | D:2      | Reached skill level 4 in Spellcasting
  1577 | D:2      | Learned a level 3 spell: Conjure Flame
  1607 | D:2      | Reached XP level 4. HP: 8/24 MP: 7/12
  1871 | D:2      | Found a faded altar of an unknown god.
  1882 | D:2      | Noticed Jessica
  1893 | D:2      | Killed Jessica
  2130 | D:2      | Found a shadowy altar of Dithmenos.
  2267 | D:3      | Reached XP level 5. HP: 28/28 MP: 10/13
  2832 | D:3      | Found a radiant altar of Vehumet.
  2850 | D:3      | Became a worshipper of Vehumet
  3334 | D:4      | Reached skill level 5 in Spellcasting
  3743 | D:4      | Reached * piety under Vehumet
  3743 | D:4      | Offered knowledge of Sandblast by Vehumet.
  3743 | D:4      | Reached XP level 6. HP: 32/32 MP: 11/15
  3970 | D:4      | Learned a level 4 spell: Sticky Flame
  3976 | D:4      | Learned a level 5 spell: Fireball
  3983 | D:4      | Reached skill level 5 in Fire Magic
  4286 | D:5      | Entered Level 5 of the Dungeon
  4799 | D:6      | Noticed Pikel
  4800 | D:6      | Noticed a slave
  4801 | D:6      | Noticed a slave
  4802 | D:6      | Noticed a slave
  4802 | D:6      | Noticed a slave
  5092 | D:5      | Noticed Blork the orc
  5104 | D:5      | Killed Blork the orc
  5104 | D:5      | Reached skill level 6 in Spellcasting
  5104 | D:5      | Reached skill level 5 in Conjurations
  5275 | D:5      | Reached XP level 7. HP: 36/36 MP: 12/18
  5615 | D:5      | Learned a level 1 spell: Sandblast
  6345 | D:5      | Reached ** piety under Vehumet
  6345 | D:5      | Offered knowledge of Shock by Vehumet.
  6524 | D:5      | Killed Pikel
  6524 | D:5      | Reached skill level 7 in Spellcasting
  6524 | D:5      | Reached XP level 8. HP: 41/41 MP: 12/21
  6854 | D:6      | Reached skill level 8 in Spellcasting
  6970 | D:6      | Found an opulent altar of Gozag.
  7059 | D:6      | Found a sparkling altar of Nemelex Xobeh.
  8027 | D:7      | Found an ancient bone altar of Kikubaaqudgha.
  8308 | D:7      | Reached skill level 9 in Spellcasting
  8367 | D:7      | Reached XP level 9. HP: 31/45 MP: 13/24
  8752 | D:7      | Found a faded altar of an unknown god.
  8752 | D:7      | Found a deep blue altar of Sif Muna.
  8768 | D:7      | Found a faded altar of an unknown god.
  8770 | D:7      | Found a faded altar of an unknown god.
  8771 | D:7      | Found a faded altar of an unknown god.
  8794 | D:7      | Offered knowledge of Ignite Poison by Vehumet.
  9145 | D:7      | Noticed Dowan
  9146 | D:7      | Noticed Duvessa
  9156 | D:7      | Killed Duvessa
  9164 | D:7      | Killed Dowan
  9220 | D:7      | Found a staircase to the Ecumenical Temple.
  9370 | D:8      | Reached *** piety under Vehumet
  9512 | D:8      | Noticed a six-headed hydra
  9524 | D:8      | Mangled by a six-headed hydra

Skill      XL: |  1  2  3  4  5  6  7  8  9 |
---------------+----------------------------+-----
Conjurations   | 2 3 4 5 6 7 8 |  8.1
Spellcasting   | 4 5 6 7 9 |  9.6
Fire Magic     | 4 5 6 8 |  8.5
Dodging        | |  2.4
Stealth        | |  2.4

Action                   |  1- 3 |  4- 6 |  7- 9 || total
-------------------------+-------+-------+-------++-------
Melee: Unarmed           |     1 |     3 |    23 ||    27
       Whip              |       |       |    10 ||    10
 Cast: Flame Tongue      |    62 |   109 |   110 ||   281
       Throw Flame       |     3 |    34 |    23 ||    60
       Conjure Flame     |       |     1 |     1 ||     2
       Sandblast         |       |       |    67 ||    67
       Sticky Flame      |       |       |    13 ||    13
       Fireball          |       |       |     3 ||     3
Evoke: Wand              |       |       |     3 ||     3
  Use: Scroll            |       |     6 |     8 ||    14
       Potion            |       |     1 |     1 ||     2
  Eat: Chunk             |     2 |    10 |     8 ||    20
       Pizza             |       |       |     2 ||     2
       Meat ration       |       |       |     1 ||     1
Armor: Robe              |     4 |     4 |    22 ||    30
Dodge: Dodged            |    14 |    34 |    95 ||   143
